 Dungeon Crawl Stone Soup version 0.24-a0-434-gd57e52fea8 (webtiles) character file.

Game seed: 8329611501835752634

4470 Gumption the Cleaver (level 10, -13/90 HPs)
             Began as a Minotaur Berserker on June 15, 2019.
             Was a High Priest of Trog.
             Mangled by a skeletal warrior
             ... wielding a +0 trident
              (21 damage)
             ... on level 8 of the Dungeon.
             The game lasted 00:29:23 (6386 turns).

Gumption the Cleaver (Minotaur Berserker)           Turns: 6386, Time: 00:29:24

Health: -13/90     AC: 12    Str: 23    XL:     10   Next: 15%
Magic:  9/9        EV: 11    Int:  5    God:    Trog [*****.]
Gold:   369        SH:  0    Dex: 11    Spells: 9/9 levels left

rFire    . . .     SeeInvis .   a - +0 war axe
rCold    . . .     Gourm    .   (no shield)
rNeg     . . .     Faith    .   g - +0 chain mail
rPois    .         Spirit   .   (helmet restricted)
rElec    .         Reflect  .   (no cloak)
rCorr    .         Harm     .   q - +0 pair of gloves
MR       .....                  (no boots)
Stlth    ..........             (no amulet)
HPRegen  0.25/turn              (no ring)
MPRegen  0.11/turn              (no ring)

@: berserk cooldown, starving, slowed, very slow
A: retaliatory headbutt, horns 2
a: Berserk, Trog's Hand, Brothers in Arms, Renounce Religion


You were on level 8 of the Dungeon.
You worshipped Trog.
Trog was extremely pleased with you.
You were starving.

You visited 1 branch of the dungeon, and saw 8 of its levels.

You collected 369 gold pieces.

Inventory:

Hand Weapons
 a - a +0 war axe (weapon)
 C - a +0 war axe
Missiles
 h - 5 boomerangs (quivered)
 m - 369 stones
 r - 6 silver boomerangs
Armour
 g - a +0 chain mail (worn)
 q - a +0 pair of gloves (worn)
Jewellery
 B - a +2 ring of dexterity
Wands
 E - a wand of enslavement (13)
 G - a wand of iceblast (4)
Scrolls
 f - a scroll of magic mapping {unknown}
 i - a scroll of enchant armour {unknown}
 j - 2 scrolls of teleportation
 l - a scroll of immolation
 s - a scroll of remove curse
 t - 3 scrolls of identify
 u - a scroll of blinking
 w - a scroll of noise {unknown}
 x - a scroll of random uselessness {unknown}
 y - a scroll of amnesia {unknown}
 H - a scroll of holy word {unknown}
Potions
 b - a potion of curing
 c - 4 potions of lignification {unknown}
 d - 3 potions of berserk rage
 k - a potion of mutation {unknown}
 n - 3 potions of agility {unknown}
 o - a potion of might {unknown}
 p - 2 potions of heal wounds {unknown}
 v - 2 potions of flight {unknown}
 z - a potion of haste {unknown}
 A - a potion of degeneration {unknown}
 D - a potion of brilliance {unknown}
 I - a potion of magic {unknown}
Comestibles
 e - 18 rations
 F - a chunk of flesh


   Skills:
 + Level 8.8 Fighting
 * Level 11.6 Axes
 + Level 8.3 Armour
 + Level 7.6 Dodging


You had 9 spell levels left.
You didn't know any spells.
Your spell library was empty.

Dungeon Overview and Level Annotations

Branches:
Dungeon (8/15)             Temple (0/1) D:6
   Lair: D:8-11

Altars:
Cheibriados
Dithmenos
Fedhas
Gozag
Hepliaklqana
Nemelex Xobeh
Trog
The Shining One

Shops:
D:7 %*

Annotations:
D:7 2 transporters, Quz's ghost, novice MiBe


Innate Abilities, Weirdness & Mutations

You reflexively headbutt those who attack you in melee.
You have a pair of horns on your head.


Message History

The skeletal warrior is almost destroyed.
You hit the skeletal warrior.
You destroy the skeletal warrior!
Trog accepts your kill.
You are no longer berserk.
Trog's vigour flows through your veins.
You are exhausted.
You feel yourself slow down.
The skeletal warrior hits you but does no damage.
The skeletal warrior hits you from afar with a +0 trident.
* * * LOW HITPOINT WARNING * * *
You see here a +0 flail.
You hit the skeletal warrior.
Your headbutt misses the skeletal warrior.
The skeletal warrior is lightly damaged.
The skeletal warrior completely misses you.
You furiously retaliate!
You headbutt the skeletal warrior, but do no damage.
The skeletal warrior hits you from afar with a +0 trident!!
You die...

#.# #.# #......
#####.# #.# #.#####
#.....# #...
#.###.## ...
#.##...#####
#.##.#.....#.. #
#.##...###.#.#######
#.###### #.#.##....
#.# #@#.##.#.. #.#
#z#.##.#.# #.#
#z#.##.#.#
#z#.##.#.#
####..z.....#
#...........#
#.####.###..# # #.#
#..# #.###..##


You could see 3 skeletal warriors.

Vanquished Creatures
  A skeletal warrior (D:8)
  Pikel (D:8)
  The ghost of Thantalas the Shield-Bearer, an amateur DrAE (D:5)
  A spriggan (D:7)
  Edmund (D:6)
  A slave (D:8)
  An orc warrior (D:8)
  A phantom (D:4)
  2 sky beasts
  2 centaurs (D:7)
  An ice beast (D:6)
  An ogre (D:7)
  A crocodile (D:7)
  A bullfrog (D:7)
  4 scorpions
  A wyvern skeleton (D:6)
  11 killer bees
  5 crimson imps
  A bullfrog zombie (D:7)
  4 quasits
  3 orc priests
  4 hounds
  An iguana (D:4)
  2 jellies
  13 orc wizards
  A bullfrog skeleton (D:6)
  5 worker ants
  A hound zombie (D:5)
  A hound skeleton (D:7)
  7 gnolls
  A howler monkey skeleton (D:7)
  6 adders
  A shadow imp (D:5)
  3 oozes
  2 adder skeletons
  2 worms (D:3)
  4 leopard geckos
  30 orcs
  2 giant cockroaches (D:3)
  9 goblins
  10 hobgoblins
  7 jackals
  5 quokkas
  6 bats
  4 frilled lizards
  8 kobolds
  2 quokka skeletons
  7 rats
189 creatures vanquished.

Vanquished Creatures (others)
  3 slaves (D:8)
  An orc wizard (D:8)
4 creatures vanquished.

Grand Total: 193 creatures vanquished

Notes
Turn   | Place    | Note
-------+----------+-------------------------------------------
     0 | D:1      | Gumption the Minotaur Berserker began the quest for the
                  | Orb.
     0 | D:1      | Reached XP level 1. HP: 19/19 MP: 0/0
   129 | D:1      | Reached XP level 2. HP: 27/27 MP: 1/1
   263 | D:1      | Reached skill level 4 in Axes
   906 | D:2      | Reached XP level 3. HP: 33/33 MP: 2/2
  1494 | D:2      | Found a blossoming altar of Fedhas.
  1568 | D:3      | Reached XP level 4. HP: 40/40 MP: 3/3
  1579 | D:3      | Reached skill level 5 in Axes
  1579 | D:3      | Reached ** piety under Trog
  1808 | D:3      | Reached XP level 5. HP: 47/47 MP: 4/4
  1963 | D:3      | Found a snail-covered altar of Cheibriados.
  2171 | D:3      | Found a sparkling altar of Nemelex Xobeh.
  2321 | D:4      | Reached XP level 6. HP: 46/55 MP: 5/5
  2325 | D:4      | Reached *** piety under Trog
  2325 | D:4      | Reached skill level 6 in Axes
  2325 | D:4      | Reached skill level 5 in Fighting
  2530 | D:4      | Reached XP level 7. HP: 40/61 MP: 6/6
  3117 | D:5      | Entered Level 5 of the Dungeon
  3215 | D:5      | Reached skill level 7 in Axes
  3399 | D:5      | Found a transporter.
  3428 | D:5      | Received a gift from Trog
  3432 | D:5      | Noticed Thantalas's ghost (amateur DrAE)
  3473 | D:5      | Reached skill level 5 in Armour
  3879 | D:5      | Killed Thantalas's ghost
  3879 | D:5      | Reached skill level 8 in Axes
  3879 | D:5      | Reached skill level 5 in Dodging
  3879 | D:5      | Reached XP level 8. HP: 70/70 MP: 7/7
  3880 | D:5      | Found a transporter.
  4034 | D:6      | Reached **** piety under Trog
  4035 | D:6      | Noticed Edmund
  4048 | D:6      | Killed Edmund
  4054 | D:6      | Reached skill level 9 in Axes
  4154 | D:6      | Found a glowing golden altar of the Shining One.
  4187 | D:6      | Found a staircase to the Ecumenical Temple.
  4437 | D:7      | Found Qees's Food Shoppe.
  4491 | D:7      | Found a transporter.
  4498 | D:7      | Found a bloodstained altar of Trog.
  4505 | D:7      | Noticed Quz's ghost (novice MiBe)
  4505 | D:7      | Noticed a moth of wrath
  4528 | D:7      | Found a transporter.
  4610 | D:7      | Reached XP level 9. HP: 33/79 MP: 8/8
  4980 | D:7      | Found an opulent altar of Gozag.
  4993 | D:7      | Found a shadowy altar of Dithmenos.
  5052 | D:7      | Reached skill level 10 in Axes
  5482 | D:7      | Found Gozag's Platinum Reserve.
  5538 | D:7      | Found a hazy altar of Hepliaklqana.
  6071 | D:8      | Found a shadowy altar of Dithmenos.
  6189 | D:8      | Reached skill level 11 in Axes
  6203 | D:8      | Reached ***** piety under Trog
  6285 | D:8      | Noticed Pikel
  6298 | D:8      | Killed Pikel
  6298 | D:8      | Reached XP level 10. HP: 90/90 MP: 9/9
  6316 | D:8      | Noticed a skeletal warrior
  6325 | D:8      | Noticed a skeletal warrior
  6334 | D:8      | Noticed a skeletal warrior
  6334 | D:8      | Noticed a skeletal warrior
  6339 | D:8      | Noticed a skeletal warrior
  6384 | D:8      | Killed a skeletal warrior
  6386 | D:8      | Mangled by a skeletal warrior

Levels and vault maps discovered:
D:1:      minmay_arrival_radiant_lines, layout_basic, minmay_stone_trees_small
D:2:      layout_loops_ring, first_ration, fedhas_altar_4
D:3:      layout_rooms, lemuel_round_altar, minmay_misc_feat_x,
          supply_closet_lemuel, corexii_shack, nemelex_altar_shiori
D:4:      layout_basic
D:5:      layout_basic, gammafunk_ghost_stat_death
D:6:      layout_rooms, kennysheep_mini, minmay_temple_entry_wispy, uniq_edmund
D:7:      layout_basic, nicolae_dithmenos_shadow_blocks, kennysheep_mini_moat,
          gammafunk_ghost_wrathful_warriors, serial_shops, shop, the_bakery,
          serial_bayou_pond_a, nicolae_gozag_zags_fifth_avenue
D:8:      layout_loops_ring, basic_altar, uniq_pikel

Skill      XL: |  1  2  3  4  5  6  7  8  9 |
---------------+----------------------------+-----
Axes           | 4 5 6 8 9 11 | 11.6
Fighting       | 4 5 6 7 8 |  8.8
Armour         | 3 4 5 6 8 |  8.3
Dodging        | 3 4 5 6 7 |  7.6

Action                   |  1- 3 |  4- 6 |  7- 9 | 10-12 || total
-------------------------+-------+-------+-------+-------++-------
Melee: Hand axe          |    84 |    13 |       |       ||    97
       Headbutt          |     6 |    23 |    63 |     7 ||    99
       War axe           |       |    94 |   341 |    23 ||   458
Throw: Stone             |     6 |       |       |       ||     6
       Boomerang         |       |       |    27 |       ||    27
Invok: Berserk           |     3 |     1 |     3 |     1 ||     8
       Trog's Hand       |       |     3 |     6 |       ||     9
  Use: Scroll            |     2 |     3 |       |     2 ||     7
  Eat: Chunk             |     3 |     7 |    16 |       ||    26
Armor: Chain mail        |    40 |    76 |   189 |     7 ||   312
Dodge: Dodged            |    38 |    63 |   192 |    19 ||   312

Table legend:
 A = Non-vault XP
 B = Vault XP
 C = Vault XP percentage of total XP
 D = Non-vault monster count
 E = Vault monster count
 F = Vault count percentage of total count
                 A         B        C        D         E       F
            +---------+---------+-------+---------+---------+-------
      Total |    4948 |    1439 |  22.5 |     180 |       8 |   4.3
            +---------+---------+-------+---------+---------+-------
        D:1 |      22 |       0 |   0.0 |      15 |       0 |   0.0
        D:2 |      58 |       0 |   0.0 |      17 |       0 |   0.0
        D:3 |     283 |       2 |   0.7 |      38 |       1 |   2.6
        D:4 |     505 |       0 |   0.0 |      17 |       0 |   0.0
        D:5 |     316 |     403 |  56.1 |      18 |       4 |  18.2
        D:6 |     724 |     169 |  18.9 |      24 |       1 |   4.0
        D:7 |    1285 |     224 |  14.8 |      27 |       1 |   3.6
        D:8 |    1755 |     641 |  26.8 |      24 |       1 |   4.0
            +---------+---------+-------+---------+---------+-------
